 Dungeon Crawl Stone Soup version 0.20.1-1-g8b1a95d (webtiles) character file.

34910 Linguinho the Grappler (level 13, -2/121 HPs)
             Began as a Troll Hunter on Nov 14, 2017.
             Was a Believer of Jiyva.
             Killed from afar by a catoblepas (12 damage)
             ... with a blast of calcifying dust
             ... on level 5 of the Lair of Beasts.
             The game lasted 00:39:46 (14425 turns).

Linguinho the Grappler (Troll Hunter)              Turns: 14425, Time: 00:39:48

Health: -2/121     AC: 18    Str: 26 (29) XL:     13   Next: 44%
Magic:  12/12      EV: 14    Int:  5 (7)  God:    Jiyva [**....]
Gold:   1026       SH:  0    Dex:  7 (10) Spells: 12/12 levels left

rFire    + + +     SeeInvis +   B - +11 whip "Ibuzif" {venom, rF+ Str+2 SInv}
rCold    x . .     Gourm    +   (no shield)
rNeg     . . .     Faith    .   y - +3 fire dragon scales
rPois    .         Spirit   .   (helmet restricted)
rElec    .         Reflect  .   I - scarf {cloud immunity}
rCorr    .         Harm     .   (gloves unavailable)
MR       .....                  (boots unavailable)
Stlth    ..........             X - amulet of regeneration
Regen    1.1/turn               (no ring)
MPRegen  0.2/turn               U - +5 ring of evasion

@: very slightly contaminated
A: unfitting armour, claws 3, rugged brown scales 1, fast metabolism 3,
gourmand, mutation resistance 1, regeneration 1, shaggy fur 1, tough skin 2,
subdued magic 1
a: Request Jelly, Renounce Religion


You were on level 5 of the Lair of Beasts.
You worshipped Jiyva.
Jiyva was pleased with you.
You were full.

You visited 2 branches of the dungeon, and saw 18 of its levels.

You collected 1026 gold pieces.

Inventory:

Hand Weapons
 B - the +11 whip "Ibuzif" (weapon) {venom, rF+ Str+2 SInv}
   (You found it on level 2 of the Lair of Beasts)

   It poisons the flesh of those it strikes.
   It affects your strength (+2).
   It protects you from fire.
   It lets you see invisible.
Missiles
 c - 8 large rocks (quivered)
 d - 2 throwing nets
Armour
 y - +3 fire dragon scales (worn)
 I - a scarf of cloud immunity (worn)
Jewellery
 J - the macabre finger necklace {rN+}
   (You found it on level 8 of the Dungeon)

   [amulet of nothing]

   It protects you from negative energy.
 U - a +5 ring of evasion (right claw)
 X - an amulet of regeneration (around neck)
Wands
 h - a wand of paralysis (11/24)
 r - a wand of iceblast (9/15)
 u - a wand of iceblast (10/15)
 F - a wand of enslavement (13/24)
 G - a wand of paralysis (10/24)
 L - a wand of lightning (9/15)
 N - a wand of iceblast (7/15)
 P - a wand of enslavement (7/24)
 Q - a wand of flame (37/48)
Scrolls
 g - 7 scrolls of teleportation
 k - 2 scrolls of fear
 o - 3 scrolls of remove curse
 s - 4 scrolls of blinking
 z - 3 scrolls of enchant weapon
 C - 3 scrolls of fog
 M - a scroll of identify
 Z - a scroll of recharging
Potions
 a - 4 potions of ambrosia
 b - a potion of invisibility
 e - 2 potions of mutation
 i - 2 potions of cancellation
 m - 8 potions of curing
 n - 2 potions of might
 p - 7 potions of brilliance
 t - 2 potions of lignification
 w - a potion of agility
 A - a potion of haste
 D - a potion of degeneration
Comestibles
 f - 14 bread rations
 q - 4 royal jellies
 v - 10 fruits
 K - 7 meat rations


   Skills:
 + Level 5.0 Fighting
 * Level 8.3 Maces & Flails
 * Level 6.0 Throwing
 + Level 9.6 Armour
 + Level 5.6 Dodging
 - Level 0.3 Stealth
 + Level 14.7 Unarmed Combat
 + Level 0.3 Evocations


You had 12 spell levels left.
You didn't know any spells.

Dungeon Overview and Level Annotations

Branches:
Dungeon (12/15)            Temple (0/1) D:4            Lair (6/6) D:11
 Shoals (0/4) Lair:3       Spider (0/4) Lair:4        Slime (0/5) Lair:5
    Orc (0/2) D:10

Altars:
Hepliaklqana
Okawaru
Qazlal
Ru
The Shining One
Beogh
Jiyva

Shops:
D:7 :

Portals:
Trove: D:11 (give +3 storm dragon scales)

Annotations:
D:9 2 runed doors


Innate Abilities, Weirdness & Mutations

You are too large for most types of armour.
You have claws for hands.
Your metabolism is lightning-fast.
You like to eat raw meat.
Your natural rate of healing is unusually fast.
You are covered in fur. (AC +1)
You have very tough skin. (AC +2)
You are partially covered in rugged brown scales. (AC +1, +3% HP)
You are somewhat resistant to further mutation.
Your spells are a little easier to cast, but a little less powerful.


Message History

You are very lightly contaminated with residual magic.
As you read the scroll of blinking, it crumbles to dust.
Okay, then.
Quiver which item? (- for none, * to show all) (? for menu, Esc to quit)
Quivering
c - 10 large rocks for throwing.
Throwing (i - inventory. (,) - cycle):
c - 10 large rocks (quivered)
Press: ? - help, Shift-Dir - straight line, f - catoblepas
Aim: a catoblepas (lightly wounded, poisoned)
You throw a large rock. The large rock hits the catoblepas!!!
The catoblepas is heavily wounded.
Throwing (i - inventory. (,) - cycle):
c - 9 large rocks (quivered)
Press: ? - help, Shift-Dir - straight line, f/p - catoblepas
Aim: a catoblepas (heavily wounded, poisoned)
You throw a large rock. The large rock hits the catoblepas!!
The catoblepas is almost dead.
You feel sick.
You are no longer poisoned.
The catoblepas breathes a plume of calcifying dust at you.
The blast of calcifying dust hits you!
You die...

##.#...##..#.####...
##.....P###...#P###..
##......PP####...#####
##......PP.P###....P###
##P..........##.......#.
##......................#
##............###........#
#...............#.......##
##.......@...._..........#
#P......§.....>.J......##.
#......§...............##.
##......................##
##..Y................###.
#.(........###.......#..
##††>.....#.# ##.....P##.
#§###....#### #..P....##.
#####...#..#######.#.....


You could see a neutral jelly (fellow slime).

Vanquished Creatures
  Josephine (Lair:5)
  A catoblepas (Lair:4)
  4 hydras
  A two-headed ogre (D:9)
  3 death yaks (Lair:4)
  An oklob plant (Lair:1)
  An ugly thing (D:11)
  A manticore (Lair:3)
  7 elephants
  Psyche (D:8)
  2 black mambas
  4 komodo dragons
  14 spiny frogs
  3 trolls
  10 blink frogs
  7 hippogriffs
  A shadow (D:11)
  5 wraiths
  4 wyverns
  Eustachio (D:5)
  A tarantella (Lair:4)
  2 basilisks
  A hungry ghost (D:10)
  26 yaks
  2 steam dragons
  2 wargs (D:11)
  A vampire mosquito (D:9)
  7 porcupines
  9 water moccasins
  A black bear (D:8)
  4 orc warriors
  A phantom (D:9)
  The ghost of Linguinho the Chucker, an amateur TrHu (D:3)
  A sky beast (D:6)
  3 ice beasts
  An eye of draining (D:11)
  A boggart (D:9)
  7 ogres
  5 wolves (Lair:3)
  5 crocodiles
  9 centaurs
  3 big kobolds
  17 bullfrogs
  A wyvern zombie (D:11)
  A gnoll sergeant (D:9)
  A wyvern skeleton (D:12)
  A water moccasin zombie (D:9)
  3 scorpions
  A wight (D:9)
  2 howler monkeys (D:9)
  2 electric eels
  3 bullfrog zombies
  5 crimson imps
  7 hounds
  2 jellies
  A bullfrog skeleton (D:10)
  10 orc priests
  2 centaur skeletons
  3 iguanas
  12 orc wizards
  11 worker ants
  A bullfrog simulacrum (D:8)
  A hound skeleton (D:6)
  3 gnolls (D:9)
  15 adders
  3 shadow imps
  An ooze (D:4)
  5 adder skeletons
  A worm (D:3)
  2 dart slugs
  3 leopard geckos
  36 orcs
  A ball python (D:3)
  8 bats
  5 giant cockroaches
  3 goblins
  7 hobgoblins
  13 jackals
  6 quokkas
  6 frilled lizards
  18 kobolds
  A leopard gecko zombie (D:8)
  3 quokka skeletons
  9 rats
401 creatures vanquished.

Vanquished Creatures (others)
  4 jellies (Lair:5)
  8 fungi
  3 plants
15 creatures vanquished.

Grand Total: 416 creatures vanquished

Notes
Turn   | Place    | Note
-------+----------+-------------------------------------------
     0 | D:1      | Linguinho the Troll Hunter began the quest for the Orb.
     0 | D:1      | Reached XP level 1. HP: 19/19 MP: 0/0
   106 | D:1      | Reached XP level 2. HP: 27/27 MP: 1/1
   212 | D:1      | Reached skill level 1 in Unarmed Combat
   510 | D:2      | Reached XP level 3. HP: 28/33 MP: 2/2
   630 | D:2      | Reached skill level 2 in Unarmed Combat
   809 | D:2      | Reached XP level 4. HP: 41/41 MP: 3/3
   949 | D:3      | You fall through a shaft!
   954 | D:4      | Reached skill level 3 in Unarmed Combat
  1028 | D:4      | Reached XP level 5. HP: 23/49 MP: 4/4
  1042 | D:3      | Noticed Linguinho's ghost (amateur TrHu)
  1351 | D:3      | Reached skill level 4 in Unarmed Combat
  1487 | D:3      | Killed Linguinho's ghost
  1487 | D:3      | Reached XP level 6. HP: 41/57 MP: 5/5
  1630 | D:3      | Noticed an ice beast
  1633 | D:3      | Killed an ice beast
  1633 | D:3      | Reached skill level 5 in Unarmed Combat
  1916 | D:3      | Reached XP level 7. HP: 39/65 MP: 6/6
  2403 | D:4      | Found a staircase to the Ecumenical Temple.
  2451 | D:4      | Reached skill level 6 in Unarmed Combat
  2618 | D:5      | Entered Level 5 of the Dungeon
  2634 | D:5      | Found an iron altar of Okawaru.
  2697 | D:5      | Noticed Eustachio
  2722 | D:5      | Killed Eustachio
  2722 | D:5      | Reached skill level 1 in Armour
  2840 | D:5      | Found a transporter.
  2849 | D:5      | Found a transporter.
  2849 | D:5      | Found a stormy altar of Qazlal.
  3096 | D:5      | Found a hazy altar of Hepliaklqana.
  3106 | D:5      | Reached skill level 7 in Unarmed Combat
  3248 | D:5      | Reached XP level 8. HP: 22/72 MP: 7/7
  3532 | D:6      | Reached skill level 8 in Unarmed Combat
  3997 | D:6      | Reached XP level 9. HP: 52/80 MP: 8/8
  4033 | D:6      | Reached skill level 9 in Unarmed Combat
  4714 | D:7      | Found Daruuck's Book Boutique.
  4776 | D:7      | Reached skill level 5 in Armour
  4969 | D:8      | Reached skill level 10 in Unarmed Combat
  5044 | D:8      | Noticed Psyche
  5052 | D:8      | Killed Psyche
  5741 | D:9      | Reached XP level 10. HP: 88/88 MP: 9/9
  5821 | D:9      | Found a large runed door.
  5822 | D:9      | Found a large runed door.
  5840 | D:9      | Found a large runed door.
  5840 | D:9      | Found a large runed door.
  5925 | D:9      | Reached skill level 11 in Unarmed Combat
  6714 | D:9      | Noticed a two-headed ogre
  6726 | D:9      | Killed a two-headed ogre
  6726 | D:9      | Reached skill level 12 in Unarmed Combat
  6748 | D:10     | Entered Level 10 of the Dungeon
  7143 | D:10     | Found a staircase to the Orcish Mines.
  7159 | D:10     | Found a roughly hewn altar of Beogh.
  7287 | D:10     | Reached XP level 11. HP: 77/96 MP: 10/10
  7992 | D:11     | Found a portal to a secret trove of treasure.
  8079 | D:11     | Found a sacrificial altar of Ru.
  8102 | D:11     | Noticed a purple ugly thing
  8114 | D:11     | Killed a purple ugly thing
  8114 | D:11     | Reached skill level 13 in Unarmed Combat
  8179 | D:11     | Found a staircase to the Lair.
  8919 | D:12     | Noticed an eight-headed hydra
  9055 | Lair:1   | Entered Level 1 of the Lair of Beasts
  9116 | Lair:1   | Found a labyrinth entrance.
  9400 | Lair:1   | Reached skill level 14 in Unarmed Combat
  9405 | Lair:1   | Found a glowing golden altar of the Shining One.
  9423 | Lair:1   | Noticed an oklob plant
  9432 | Lair:1   | Killed an oklob plant
 10178 | Lair:2   | Got a polished whip
 10179 | Lair:2   | Identified the +11 whip "Ibuzif" {venom, rF+ Str+2 SInv} (You found it on level 2 of the Lair of Beasts)
 10906 | Lair:3   | Reached XP level 12. HP: 33/105 MP: 11/11
 11144 | Lair:3   | Reached skill level 1 in Maces & Flails
 11217 | Lair:3   | Reached skill level 5 in Dodging
 11528 | Lair:3   | Found a staircase to the Shoals.
 11940 | Lair:4   | Found a hole to the Spider Nest.
 11975 | Lair:4   | Noticed a six-headed hydra
 11993 | Lair:4   | Killed a six-headed hydra
 12071 | Lair:4   | Reached skill level 5 in Throwing
 12200 | Lair:4   | Noticed a six-headed hydra
 12207 | Lair:4   | Killed a six-headed hydra
 12226 | Lair:4   | Reached skill level 5 in Maces & Flails
 12472 | Lair:4   | Noticed a death yak
 12472 | Lair:4   | Noticed a death yak
 12472 | Lair:4   | Noticed a catoblepas
 12487 | Lair:4   | Killed a death yak
 12493 | Lair:4   | Killed a death yak
 12504 | Lair:4   | Killed a catoblepas
 12530 | Lair:4   | Noticed a death yak
 12549 | Lair:4   | Killed a death yak
 12553 | Lair:4   | Reached XP level 13. HP: 56/114 MP: 12/12
 12993 | Lair:5   | Noticed Josephine
 13018 | Lair:5   | Killed Josephine
 13152 | Lair:5   | Found a viscous altar of Jiyva.
 13153 | Lair:5   | Found a staircase to the Slime Pits.
 13212 | Lair:5   | Became a worshipper of Jiyva Jabic the Shapeless
 13534 | Lair:5   | Reached skill level 5 in Fighting
 13542 | Lair:5   | Reached * piety under Jiyva
 14017 | Lair:5   | Gained mutation: You are partially covered in rugged brown scales. (AC +1, +3% HP) [potion of mutation]
 14017 | Lair:5   | Gained mutation: Your spells are a little easier to cast, but a little less powerful. [potion of mutation]
 14017 | Lair:5   | Gained mutation: You are somewhat resistant to further mutation. [potion of mutation]
 14253 | Lair:4   | Reached ** piety under Jiyva
 14385 | Lair:6   | Entered Level 6 of the Lair of Beasts
 14422 | Lair:5   | HP: 6/121 [catoblepas/blast of calcifying dust (11)]
 14425 | Lair:5   | Killed from afar by a catoblepas

Skill      XL: |  1  2  3  4  5  6  7  8  9 10 11 12 13 |
---------------+----------------------------------------+-----
Unarmed Combat | 1 2 3 4 5 7 8 10 12 14 | 14.7
Throwing       | 4 5 6 |  6.0
Dodging        | 2 3 4 5 |  5.6
Fighting       | 2 3 4 5 |  5.0
Armour         | 2 4 6 7 8 9 |  9.6
Maces & Flails | 6 8 |  8.3
Stealth        | |  0.3
Evocations     | |  0.3

Action                   |  1- 3 |  4- 6 |  7- 9 | 10-12 | 13-15 || total
-------------------------+-------+-------+-------+-------+-------++-------
Melee: Unarmed           |    92 |   169 |   323 |   480 |       ||  1064
       Punch             |       |     2 |    10 |    59 |    17 ||    88
       Whip              |       |       |       |   279 |   188 ||   467
Throw: Large rock        |       |     3 |       |    14 |     2 ||    19
       Tomahawk          |       |       |       |     1 |       ||     1
       Throwing net      |       |       |       |       |     3 ||     3
Invok: Request Jelly     |       |       |       |       |     1 ||     1
Evoke: Wand              |       |       |     1 |       |       ||     1
       Lightning rod     |       |       |       |       |     4 ||     4
  Use: Scroll            |       |       |     9 |    14 |     6 ||    29
       Potion            |       |       |       |     1 |    12 ||    13
 Stab: Petrified         |       |       |       |    10 |    12 ||    22
       Petrifying        |       |       |       |       |     1 ||     1
  Eat: Chunk             |    13 |    11 |    34 |    65 |    14 ||   137
Armor: Robe              |    39 |    99 |     3 |       |       ||   141
       Fire dragon scale |       |       |   151 |   332 |    92 ||   575
Dodge: Dodged            |    61 |   120 |   158 |   460 |   173 ||   972
